 Dungeon Crawl Stone Soup version 0.30-a0-739-gea05faddec (webtiles) character file.

Game seed: 16919346655993348560

353 holysushi the Grasshopper (level 6, -10/76 HPs)
             Began as a Gnoll Warper on Feb 4, 2023.
             Mangled by an orc
             ... wielding a +0 hand axe of electrocution
              (19 damage)
             ... on level 5 of the Dungeon.
             The game lasted 00:04:28 (4076 turns).

holysushi the Grasshopper (Gnoll Warper)            Turns: 4076, Time: 00:04:29

Health: -10/76     AC: 27    Str: 11    XL:     6   Next: 62%
Magic:  14/14      EV:  2    Int: 12    God:
Gold:   169        SH:  5    Dex: 13    Spells: 10/15 levels left

rFire   . . .      SeeInvis .    a - +2 short sword
rCold   . . .      Faith    .    (no shield)
rNeg    . . .      Spirit   .    (body armour currently unavailable)
rPois   +          Reflect  +    (helmet currently unavailable)
rElec   .          Harm     .    (cloak currently unavailable)
rCorr   .          Rampage  .    (gloves currently unavailable)
Will    .....      NoTele   +    (boots currently unavailable)
Stlth   ++                       g - amulet of reflection
HPRegen 0.32/turn                i - +4 ring of protection
MPRegen 0.14/turn                (no ring)

@: mighty, tree-form, hasted, very quick
A: stationary, stasis, torment immunity, boosted hp, (fangs 1), strong nose,
distributed training
a: no special abilities


You were on level 5 of the Dungeon.
You were a tree.
You visited 1 branch of the dungeon, and saw 5 of its levels.

You collected 169 gold pieces.

Inventory:

Hand Weapons
 a - a +2 short sword (weapon)
Missiles
 d - 7 boomerangs of dispersal (quivered)
Armour
 b - a +0 leather armour (melded)
Jewellery
 g - an amulet of reflection (around neck)
 i - a +4 ring of protection (left branch)
Wands
 o - a wand of paralysis (11)
Scrolls
 c - 2 scrolls of blinking
 f - 8 scrolls of teleportation
 h - a scroll of identify
 m - a scroll of fear {unknown}
 n - a scroll of vulnerability {unknown}
 p - a scroll of amnesia
Potions
 e - a potion of lignification
 q - a potion of mutation {unknown}
 s - 2 potions of ambrosia {unknown}


   Skills:
 + Level 5.0 Fighting
 + Level 5.0 Short Blades
 + Level 2.1 Long Blades
 + Level 2.1 Axes
 + Level 2.1 Maces & Flails
 + Level 2.1 Polearms
 + Level 2.1 Staves
 + Level 2.1 Ranged Weapons
 + Level 3.3 Throwing
 + Level 3.3 Armour
 + Level 5.0 Dodging
 + Level 2.1 Stealth
 + Level 2.1 Shields
 + Level 2.1 Unarmed Combat
 + Level 5.4 Spellcasting
 + Level 1.7 Conjurations
 + Level 1.7 Hexes
 + Level 1.7 Summonings
 + Level 1.7 Necromancy
 + Level 5.7 Translocations
 + Level 1.7 Transmutations
 + Level 1.7 Fire Magic
 + Level 1.7 Ice Magic
 + Level 1.7 Air Magic
 + Level 1.7 Earth Magic
 + Level 1.7 Poison Magic
 + Level 2.3 Invocations
 + Level 2.1 Evocations


You had 10 spell levels left.
You knew the following spells:

 Your Spells              Type           Power      Damage    Failure   Level
a - Blink                 Tloc           34%        N/A       2%          2
b - Confusing Touch       Hex            7%         N/A       28%         3

Your spell library contained the following spells:

 Spells                   Type           Power      Damage    Failure   Level
 Lesser Beckoning         Tloc           34%        N/A       2%          2
 Teleport Other           Tloc           17%        N/A       5%          3
 Slow                     Hex            28%        N/A       10%         1
 Vhi's Electric Charge    Tloc/Air       24%        N/A       12%         3
 Cigotuvi's Dreadful Rot  Necr/Pois/Air  14%        N/A       14%         2
 Poisonous Vapours        Pois/Air       14%        N/A       14%         2
 Manifold Assault         Tloc           17%        N/A       19%         4
 Dazzling Flash           Conj/Hex       14%        N/A       28%         3
 Mephitic Cloud           Conj/Pois/Air  7%         N/A       28%         3
 Vampiric Draining        Necr           7%         2d6       28%         3
 Agony                    Necr           7%         N/A       95%         5
 Silence                  Hex/Air        3%         N/A       95%         5


Dungeon Overview and Level Annotations

Branches:
Dungeon (5/15) Zot: 26012
 Temple: D:4-7

Altars:

Shops:
D:1 *


Innate Abilities, Weirdness & Mutations

You are a tree.
Your roots penetrate the ground, keeping you stationary.
You cannot be teleported.
You are immune to unholy pain and torment.
Your maximum health is greatly increased.
Your equipment is partially melded.
((You have very sharp teeth.))
Your uncanny sense of smell can sniff out nearby items.
Your experience applies equally to all skills.


Message History

You swing at nothing.
A hound comes into view.
An orc priest comes into view. It is wielding a +0 short sword.
You closely miss the orc priest.
The orc priest shouts!
The hound barks!
You hear a shout! x3
You puncture the orc priest!
The orc priest is heavily wounded.
You swing at nothing.
The orc priest hits you with a +0 short sword.
* * * LOW HITPOINT WARNING * * *
You barely miss the orc priest.
The orc priest is heavily wounded.
The hound bites you but does no damage. You block the orc priest's attack.
You puncture the orc priest!
You kill the orc priest!
The hound bites you.
* * * LOW HITPOINT WARNING * * *
You hit the hound. You punch the hound.
The hound is moderately wounded.
The hound barely misses you.
It was a potion of haste.
You feel yourself speed up. The hound bites you.
* * * LOW HITPOINT WARNING * * *
The hound closely misses you.
Really quaff the potion of lignification? [Y]es or [N]o only, please.
Really quaff the potion of lignification? [Y]es or [N]o only, please.
Really quaff the potion of lignification?
You turn into a tree.
Your +0 leather armour melds into your body.
Your roots penetrate the ground.
The orc hits you but does no damage. You block the hound's attack.
You hit the hound.
The hound is heavily wounded.
The hound bites you but does no damage.
You closely miss the hound.
The hound is heavily wounded.
An ice beast comes into view.
The orc hits you but does no damage.
You are electrocuted!!
You die...

ooo!...###..##
.......+ ##..########
.......###.#.........
.......##..##..#####
.......#.o.###..##
#..Z.o+ ##..#
#.#...###...####
#....##.M##o.........
#....###.#♣..########
......+ ##h)###
##..#..###..##
.......##...#
gS......#....#
.o.o...Y....##
...>..##.# ∆ ...#.#
#.# .. ## #.. ∆


You could see an ice beast (wandering), a hound and an orc.

Vanquished Creatures
  3 orc priests
  3 orc wizards
  A mummy (D:5)
  9 adders
  2 worms (D:4)
  2 dart slugs (D:3)
  13 orcs
  5 bats
  3 endoplasms
  6 giant cockroaches
  4 goblins
  7 hobgoblins
  2 jackals (D:1)
  5 quokkas
  4 ball pythons
  4 frilled lizards
  8 kobolds
  4 rats
85 creatures vanquished.

Notes
Turn   | Place    | Note
-------+----------+-------------------------------------------
     0 | D:1      | holysushi the Gnoll Warper began the quest for the Orb.
     0 | D:1      | Reached XP level 1. HP: 20/20 MP: 6/6
   110 | D:1      | Reached XP level 2. HP: 17/26 MP: 7/7
   463 | D:1      | Learned a level 2 spell: Blink
   524 | D:1      | Reached skill level 5 in Spellcasting
   524 | D:1      | Reached XP level 3. HP: 19/31 MP: 6/9
   574 | D:1      | Found Naihiaru's General Store.
   750 | D:1      | Found a faded altar of an unknown god.
   956 | D:2      | Reached skill level 1 in Invocations
   987 | D:2      | Reached skill level 1 in Long Blades
   987 | D:2      | Reached skill level 1 in Axes
   987 | D:2      | Reached skill level 1 in Maces & Flails
   987 | D:2      | Reached skill level 1 in Polearms
   987 | D:2      | Reached skill level 1 in Staves
   987 | D:2      | Reached skill level 1 in Ranged Weapons
   987 | D:2      | Reached skill level 1 in Stealth
   987 | D:2      | Reached skill level 1 in Shields
   987 | D:2      | Reached skill level 1 in Unarmed Combat
   987 | D:2      | Reached skill level 1 in Evocations
  1100 | D:2      | Learned a level 3 spell: Confusing Touch
  1157 | D:2      | Reached XP level 4. HP: 19/38 MP: 11/11
  1502 | D:2      | Reached skill level 1 in Conjurations
  1502 | D:2      | Reached skill level 1 in Hexes
  1502 | D:2      | Reached skill level 1 in Summonings
  1502 | D:2      | Reached skill level 1 in Necromancy
  1502 | D:2      | Reached skill level 1 in Transmutations
  1502 | D:2      | Reached skill level 1 in Fire Magic
  1502 | D:2      | Reached skill level 1 in Ice Magic
  1502 | D:2      | Reached skill level 1 in Air Magic
  1502 | D:2      | Reached skill level 1 in Earth Magic
  1502 | D:2      | Reached skill level 1 in Poison Magic
  2316 | D:3      | Reached XP level 5. HP: 43/43 MP: 12/12
  3572 | D:4      | Reached XP level 6. HP: 33/50 MP: 13/13
  3931 | D:4      | You fall into a shaft and drop 1 floor!
  3931 | D:5      | Entered Level 5 of the Dungeon
  4005 | D:5      | Reached skill level 5 in Fighting
  4005 | D:5      | Reached skill level 5 in Short Blades
  4005 | D:5      | Reached skill level 5 in Dodging
  4076 | D:5      | Noticed an ice beast
  4076 | D:5      | Mangled by an orc

Illustrated notes

Levels and vault maps discovered:
D:1:      lightli_arrival_farm, layout_basic, ebering_ecumenical_altar_webs,
          serial_shops, nicolae_shop_behind_doors
D:2:      layout_loops_ring, grunt_ministairs_12, chequers_jeans
D:3:      layout_basic, serial_glass, glass_columns_a, glass_columns_c,
          glass_columns_a, glass_columns_a, glass_columns_b
D:4:      layout_loops_corners
D:5:      layout_basic, nicolae_ossuary_entry_giza, minmay_mini_ossuary

Skill      XL: |  1  2  3  4  5  6 |
---------------+-------------------+-----
Spellcasting   | 5 |  5.4
Invocations    | 1 2 |  2.3
Long Blades    | 1 2 |  2.1
Axes           | 1 2 |  2.1
Maces & Flails | 1 2 |  2.1
Polearms       | 1 2 |  2.1
Staves         | 1 2 |  2.1
Ranged Weapons | 1 2 |  2.1
Stealth        | 1 2 |  2.1
Shields        | 1 2 |  2.1
Unarmed Combat | 1 2 |  2.1
Evocations     | 1 2 |  2.1
Conjurations   | 1 |  1.7
Hexes          | 1 |  1.7
Summonings     | 1 |  1.7
Necromancy     | 1 |  1.7
Transmutations | 1 |  1.7
Fire Magic     | 1 |  1.7
Ice Magic      | 1 |  1.7
Air Magic      | 1 |  1.7
Earth Magic    | 1 |  1.7
Poison Magic   | 1 |  1.7
Throwing       | 3 |  3.3
Armour         | 3 |  3.3
Fighting       | 5 |  5.0
Short Blades   | 5 |  5.0
Dodging        | 5 |  5.0
Translocations | |  5.7

Action                     |  1- 3 |  4- 6 || total
---------------------------+-------+-------++-------
  Melee: Short sword       |   163 |   254 ||   417
         Bite              |    15 |    30 ||    45
         Punch             |     3 |     6 ||     9
   Cast: Blink             |     2 |       ||     2
  Evoke: Wand              |       |     2 ||     2
    Use: Scroll            |     3 |     8 ||    11
         Potion            |       |     5 ||     5
   Stab: Sleeping          |     1 |     2 ||     3
         Paralysed         |       |     1 ||     1
 Armour: Leather armour    |    44 |    36 ||    80
         Skin              |       |     3 ||     3
  Dodge: Dodged            |   104 |   102 ||   206
  Block: Other             |       |    40 ||    40

Table legend: (Time is in decaauts)
 A = Elapsed time spent in this place.
 B = Non-inter-level travel time spent in this place.
 C = Inter-level travel time spent in this place.
 D = Time resting spent in this place.
 E = Time spent auto-exploring this place.
 F = Levels seen in this place.
 G = Mean time per level.
                   A        B        C        D        E       F      G
               +--------+--------+--------+--------+--------+-----+--------+
         Total |   3987 |   3919 |     68 |    629 |   2525 |   5 |  797.4 |
       Dungeon |   3987 |   3919 |     68 |    629 |   2525 |   5 |  797.4 |
               +--------+--------+--------+--------+--------+-----+--------+

Top non-repeatable levels by time:
     D:2: 1050 daAuts
     D:4: 982 daAuts
     D:1: 938 daAuts
     D:3: 898 daAuts
     D:5: 118 daAuts
